| TOP OF THE 1ST |
|
Indianapolis Indians batting - Pitching for Evansville Triplets : RHP Chris Codiroli
|
|
Pitching: RHP Chris Codiroli
|
|
|
Batting: LHB Elias Nava
|
0-0: Foul Ball, location: 2F 0-1: Foul Ball, location: 2F 0-2: Ball 1-2: Strikes out looking
|
|
Batting: SHB Julio Estrada
|
0-0: Ball 1-0: Foul Ball, location: 2F 1-1: Ground out 4-3 (Groundball, 34D, EV 101.9 MPH)
|
|
Batting: LHB Scott Radloff
|
0-0: Called Strike 0-1: Ball 1-1: Foul Ball, location: 2F 1-2: Ball 2-2: Foul Ball, location: 2F 2-2: Foul Ball, location: 2F 2-2: Fly out, F9 (Flyball, 9S, EV 92.5 MPH)
|
| Top of the 1st over - 0 runs, 0 hits, 0 errors, 0 left on base; Indianapolis 0 - Evansville 0 |
| BOTTOM OF THE 1ST |
|
Evansville Triplets batting - Pitching for Indianapolis Indians : RHP Mike Cullen
|
|
Pitching: RHP Mike Cullen
|
|
|
Batting: LHB Greg Gross
|
0-0: Ball 1-0: Ball 2-0: SINGLE (Line Drive, 8LS, EV 111.9 MPH)
|
|
Batting: RHB Richard Bass
|
0-0: Foul Ball, location: 2F 0-1: Swinging Strike 0-2: Ball 1-2: Ball 2-2: Ball 3-2: Fly out, F7 (Flyball, 7LS, EV 83.1 MPH)
|
|
Batting: LHB Lloyd Moseby
|
0-0: Swinging Strike 0-1: Ball 1-1: Foul Ball, location: 2F 1-2: Foul Ball, location: 2F 1-2: Strikes out looking
|
|
Batting: RHB Ron Kittle
|
0-0: Called Strike Greg Gross steals 2nd base 0-1: Called Strike 0-2: Strikes out looking
|
| Bottom of the 1st over - 0 runs, 1 hit, 0 errors, 1 left on base; Indianapolis 0 - Evansville 0 |
| TOP OF THE 2ND |
|
Indianapolis Indians batting - Pitching for Evansville Triplets : RHP Chris Codiroli
|
|
Batting: RHB Luis Gonzalez
|
0-0: Ball 1-0: Ball 2-0: Called Strike 2-1: Foul Ball, location: 2F 2-2: Foul Ball, location: 2F 2-2: Fly out, F4 (Popup, 4, EV 56.9 MPH)
|
|
Batting: RHB Pat Rooney
|
0-0: Called Strike 0-1: Swinging Strike 0-2: Ball 1-2: Ball 2-2: Ball 3-2: Foul Ball, location: 2F 3-2: Foul Ball, location: 2F 3-2: Strikes out looking
|
|
Batting: LHB Roberto Ruiz
|
0-0: Called Strike 0-1: Foul Ball, location: 2F 0-2: Ball 1-2: Foul Ball, location: 2F 1-2: Ball 2-2: Ground out 6-3 (Groundball, 6, EV 90.6 MPH)
|
| Top of the 2nd over - 0 runs, 0 hits, 0 errors, 0 left on base; Indianapolis 0 - Evansville 0 |
| BOTTOM OF THE 2ND |
|
Evansville Triplets batting - Pitching for Indianapolis Indians : RHP Mike Cullen
|
|
Batting: LHB Luis Alfaro
|
0-0: Ball 1-0: Ball 2-0: Ball 3-0: Base on Balls
|
|
Batting: RHB Mike Allen
|
0-0: SINGLE (Groundball, 6MD, EV 98.8 MPH) Luis Alfaro to second
|
|
Batting: RHB Ed Putman
|
0-0: Ball 1-0: Ball 2-0: Foul Ball, location: 2F 2-1: SINGLE (Line Drive, 78S, EV 93.8 MPH) Luis Alfaro to third Mike Allen to second
|
|
Batting: RHB Jaden Smith
|
0-0: Ball 1-0: Ball 2-0: Called Strike 2-1: Swinging Strike 2-2: Ball 3-2: Grounds into fielders choice U2 (Groundball, 2L, EV 68.1 MPH) Mike Allen to third Ed Putman to second
|
|
Batting: RHB Ed Jurak
|
0-0: Called Strike 0-1: Swinging Strike 0-2: Ball 1-2: Ball 2-2: Ball 3-2: Strikes out swinging
|
|
Batting: LHB Greg Gross
|
0-0: Swinging Strike 0-1: Called Strike 0-2: Ball 1-2: Ball 2-2: Strikes out looking
|
| Bottom of the 2nd over - 0 runs, 2 hits, 0 errors, 3 left on base; Indianapolis 0 - Evansville 0 |
| TOP OF THE 3RD |
|
Indianapolis Indians batting - Pitching for Evansville Triplets : RHP Chris Codiroli
|
|
Batting: RHB Bill Lindsey
|
0-0: Ball 1-0: Ball 2-0: Ball 3-0: Called Strike 3-1: Fly out, F8 (Flyball, 8RXD, EV 106.3 MPH)
|
|
Batting: LHB David Bertulli
|
0-0: Called Strike 0-1: Called Strike 0-2: Ball 1-2: Ball 2-2: Ball 3-2: Foul Ball, location: 2F 3-2: Foul Ball, location: 2F 3-2: Strikes out swinging
|
|
Batting: RHB Robert Bonnette
|
0-0: Ball 1-0: Swinging Strike 1-1: Swinging Strike 1-2: Fly out, F7 (Flyball, 7LD, EV 100.0 MPH)
|
| Top of the 3rd over - 0 runs, 0 hits, 0 errors, 0 left on base; Indianapolis 0 - Evansville 0 |
| BOTTOM OF THE 3RD |
|
Evansville Triplets batting - Pitching for Indianapolis Indians : RHP Mike Cullen
|
|
Batting: RHB Richard Bass
|
0-0: Ball 1-0: Called Strike 1-1: DOUBLE (Line Drive, 78XD, EV 111.3 MPH)
|
|
Batting: LHB Lloyd Moseby
|
0-0: Called Strike 0-1: Called Strike 0-2: Foul Ball, location: 2F 0-2: Ball 1-2: Foul Ball, location: 2F 1-2: Foul Ball, location: 2F 1-2: Strikes out swinging
|
|
Batting: RHB Ron Kittle
|
0-0: Ball 1-0: Foul Ball, location: 2F 1-1: Ball 2-1: Called Strike 2-2: Strikes out swinging
|
|
Batting: LHB Luis Alfaro
|
0-0: Called Strike 0-1: Ball 1-1: Ground out 4-3 (Groundball, P, EV 86.9 MPH)
|
| Bottom of the 3rd over - 0 runs, 1 hit, 0 errors, 1 left on base; Indianapolis 0 - Evansville 0 |
| TOP OF THE 4TH |
|
Indianapolis Indians batting - Pitching for Evansville Triplets : RHP Chris Codiroli
|
|
Batting: LHB Elias Nava
|
0-0: Ball 1-0: Ball 2-0: Fly out, F8 (Flyball, 8LM, EV 86.3 MPH)
|
|
Batting: SHB Julio Estrada
|
0-0: Ball 1-0: Fly out, F5 (Popup, 5SF, EV 73.1 MPH)
|
|
Batting: LHB Scott Radloff
|
0-0: Fly out, F7 (Flyball, 7LM, EV 85.6 MPH)
|
| Top of the 4th over - 0 runs, 0 hits, 0 errors, 0 left on base; Indianapolis 0 - Evansville 0 |
| BOTTOM OF THE 4TH |
|
Evansville Triplets batting - Pitching for Indianapolis Indians : RHP Mike Cullen
|
|
Batting: RHB Mike Allen
|
0-0: SINGLE (Groundball, 4M, EV 93.1 MPH) (infield hit)
|
|
Batting: RHB Ed Putman
|
0-0: Ball 1-0: Ball 2-0: Ball 3-0: Base on Balls Mike Allen to second
|
|
Batting: RHB Jaden Smith
|
0-0: Ball 1-0: Foul Ball, location: 2F 1-1: Foul Ball, location: 2F 1-2: Ball 2-2: Foul Ball, location: 2F 2-2: SINGLE (Line Drive, 34, EV 108.8 MPH) Mike Allen to third Ed Putman to second
|
|
Batting: RHB Ed Jurak
|
0-0: Ball 1-0: Called Strike 1-1: Ball 2-1: Foul Ball, location: 2F 2-2: Ball 3-2: Fielders Choice at 2nd, 4-6 (Groundball, 4, EV 91.9 MPH) Mike Allen scores Ed Putman to third
|
|
Batting: LHB Greg Gross
|
0-0: Ball 1-0: Ball 2-0: Foul Ball, location: 2F 2-1: Foul Ball, location: 2F 2-2: Grounds into double play, 6-4-3 (Groundball, 6, EV 99.4 MPH)
|
| Bottom of the 4th over - 1 run, 2 hits, 0 errors, 1 left on base; Indianapolis 0 - Evansville 1 |
| TOP OF THE 5TH |
|
Indianapolis Indians batting - Pitching for Evansville Triplets : RHP Chris Codiroli
|
|
Batting: RHB Luis Gonzalez
|
0-0: Ball 1-0: Foul Ball, location: 2F 1-1: Foul Ball, location: 2F 1-2: Ground out 6-3 (Groundball, 6, EV 78.8 MPH)
|
|
Batting: RHB Pat Rooney
|
0-0: Ball 1-0: Called Strike 1-1: Ball 2-1: Called Strike 2-2: Ball 3-2: Ground out 6-3 (Groundball, 6D, EV 105.6 MPH)
|
|
Batting: LHB Roberto Ruiz
|
0-0: Ground out 6-3 (Groundball, 56, EV 80.6 MPH)
|
| Top of the 5th over - 0 runs, 0 hits, 0 errors, 0 left on base; Indianapolis 0 - Evansville 1 |
| BOTTOM OF THE 5TH |
|
Evansville Triplets batting - Pitching for Indianapolis Indians : RHP Mike Cullen
|
|
Batting: RHB Richard Bass
|
0-0: Ball 1-0: Foul Ball, location: 2F 1-1: Ball 2-1: Ball 3-1: Swinging Strike 3-2: Foul Ball, location: 2F 3-2: Strikes out swinging
|
|
Batting: LHB Lloyd Moseby
|
0-0: Foul Ball, location: 2F 0-1: Foul Ball, location: 2F 0-2: Ball 1-2: Ball 2-2: SOLO HOME RUN (Flyball, 89XD, EV 97.5 MPH), Distance : 403 ft
|
|
Batting: RHB Ron Kittle
|
0-0: Ball 1-0: Ball 2-0: Called Strike 2-1: Ball 3-1: Called Strike 3-2: Ground out 4-3 (Groundball, 4, EV 105.0 MPH)
|
|
Batting: LHB Luis Alfaro
|
0-0: Called Strike 0-1: Swinging Strike 0-2: Foul Ball, location: 2F 0-2: Ball 1-2: Strikes out looking
|
| Bottom of the 5th over - 1 run, 1 hit, 0 errors, 0 left on base; Indianapolis 0 - Evansville 2 |
| TOP OF THE 6TH |
|
Indianapolis Indians batting - Pitching for Evansville Triplets : RHP Chris Codiroli
|
|
Batting: RHB Bill Lindsey
|
0-0: DOUBLE (Line Drive, 5D, EV 96.3 MPH)
|
|
Batting: LHB David Bertulli
|
0-0: Ball 1-0: Foul Ball, location: 2F 1-1: Foul Ball, location: 2F 1-2: Ball 2-2: Fly out, F9 (Flyball, 9, EV 77.5 MPH)
|
|
Batting: RHB Robert Bonnette
|
0-0: Called Strike 0-1: Ball 1-1: Foul Ball, location: 2F 1-2: Fly out, F6 (Popup, 6M, EV 54.4 MPH)
|
|
Batting: LHB Elias Nava
|
0-0: Called Strike 0-1: Foul Ball, location: 2F 0-2: Foul Ball, location: 2F 0-2: Ball 1-2: Ground out U3 (Groundball, 3S, EV 84.4 MPH)
|
| Top of the 6th over - 0 runs, 1 hit, 0 errors, 1 left on base; Indianapolis 0 - Evansville 2 |
| BOTTOM OF THE 6TH |
|
Evansville Triplets batting - Pitching for Indianapolis Indians : RHP Mike Cullen
|
|
Batting: RHB Mike Allen
|
0-0: SINGLE (Line Drive, 89M, EV 92.5 MPH)
|
|
Batting: RHB Ed Putman
|
0-0: Called Strike 0-1: SINGLE (Line Drive, 6D, EV 96.3 MPH) Mike Allen to second
|
|
Batting: RHB Jaden Smith
|
0-0: Ball 1-0: Called Strike 1-1: Foul Ball, location: 2F 1-2: Ball 2-2: Strikes out swinging
|
|
Batting: RHB Ed Jurak
|
0-0: Ball 1-0: Called Strike 1-1: Fly out, F8 (Flyball, 8LXD, EV 95.0 MPH) Runner from 2nd tags up, SAFE at 3rd, no throw by CF
|
|
Batting: LHB Greg Gross
|
0-0: Foul Ball, location: 2F 0-1: Ball 1-1: Ball 2-1: Fly out, F3 (Line Drive, 3, EV 65.6 MPH)
|
| Bottom of the 6th over - 0 runs, 2 hits, 0 errors, 2 left on base; Indianapolis 0 - Evansville 2 |
| TOP OF THE 7TH |
|
Indianapolis Indians batting - Pitching for Evansville Triplets : RHP Chris Codiroli
|
|
Batting: SHB Julio Estrada
|
0-0: Ball 1-0: Ball 2-0: Called Strike 2-1: Swinging Strike 2-2: Fly out, F9 (Flyball, 89M, EV 89.4 MPH)
|
|
Batting: LHB Scott Radloff
|
0-0: Foul Ball, location: 2F 0-1: Foul Ball, location: 2F 0-2: Ball 1-2: Foul Ball, location: 2F 1-2: SINGLE (Line Drive, 9S, EV 110.6 MPH)
|
|
Batting: RHB Luis Gonzalez
|
0-0: Called Strike 0-1: Swinging Strike 0-2: Foul Ball, location: 2F 0-2: Foul Ball, location: 2F 0-2: Foul Ball, location: 2F 0-2: Strikes out swinging
|
|
Batting: RHB Pat Rooney
|
0-0: Ball 1-0: Ball 2-0: Ball 3-0: Base on Balls Scott Radloff to second
|
|
Pitching: RHP Geoff Combe
|
|
|
Batting: LHB Roberto Ruiz
|
0-0: Called Strike 0-1: Ball 1-1: Ground out 4-3 (Groundball, 4M, EV 100.6 MPH)
|
| Top of the 7th over - 0 runs, 1 hit, 0 errors, 2 left on base; Indianapolis 0 - Evansville 2 |
| BOTTOM OF THE 7TH |
|
Evansville Triplets batting - Pitching for Indianapolis Indians : RHP Mike Cullen
|
|
Batting: RHB Richard Bass
|
0-0: Ball 1-0: Ball 2-0: Foul Ball, location: 2F 2-1: Swinging Strike 2-2: SINGLE (Groundball, 6MD, EV 110.0 MPH)
|
|
Batting: LHB Lloyd Moseby
|
0-0: Ball 1-0: Swinging Strike 1-1: Ball 2-1: Ball 3-1: Fly out, F8 (Flyball, 78XD, EV 105.6 MPH)
|
|
Batting: RHB Ron Kittle
|
0-0: Ball 1-0: Ball 2-0: Foul Ball, location: 2F 2-1: Ball 3-1: Fly out, F5 (Popup, 25, EV 86.9 MPH)
|
|
Batting: LHB Luis Alfaro
|
0-0: Ball Richard Bass steals 2nd base (no throw) 1-0: Fly out, F7 (Flyball, 78S, EV 94.4 MPH)
|
| Bottom of the 7th over - 0 runs, 1 hit, 0 errors, 1 left on base; Indianapolis 0 - Evansville 2 |
| TOP OF THE 8TH |
|
Indianapolis Indians batting - Pitching for Evansville Triplets : RHP Geoff Combe
|
|
Pitching: LHP Randy Niemann
|
|
|
Batting: RHB Bill Lindsey
|
0-0: Ball 1-0: Ground out 5-3 (Groundball, 56, EV 103.1 MPH)
|
|
Batting: LHB David Bertulli
|
0-0: Ground out 4-3 (Groundball, 4, EV 95.6 MPH)
|
|
Batting: RHB Robert Bonnette
|
0-0: Swinging Strike 0-1: Foul Ball, location: 2F 0-2: Foul Ball, location: 2F 0-2: Fly out, F6 (Flyball, 56D, EV 78.1 MPH)
|
| Top of the 8th over - 0 runs, 0 hits, 0 errors, 0 left on base; Indianapolis 0 - Evansville 2 |
| BOTTOM OF THE 8TH |
|
Evansville Triplets batting - Pitching for Indianapolis Indians : RHP Mike Cullen
|
|
Batting: RHB Mike Allen
|
0-0: Ball 1-0: Foul Ball, location: 2F 1-1: Foul Ball, location: 2F 1-2: Ball 2-2: Fly out, F8 (Flyball, 78XD, EV 97.5 MPH)
|
|
Pitching: RHP Michael Culbert
|
|
|
Batting: RHB Ed Putman
|
0-0: Ball 1-0: Called Strike 1-1: Foul Ball, location: 2F 1-2: Ball 2-2: Ball 3-2: SOLO HOME RUN (Flyball, 9LD, EV 100.6 MPH), Distance : 348 ft
|
|
Batting: RHB Jaden Smith
|
0-0: Called Strike 0-1: Ball 1-1: Fly out, F7 (Flyball, 7, EV 83.1 MPH)
|
|
Batting: RHB Ed Jurak
|
0-0: Ball 1-0: Ball 2-0: SINGLE (Groundball, 6S, EV 69.4 MPH) (infield hit)
|
|
Batting: LHB Greg Gross
|
0-0: Ball 1-0: Foul Ball, location: 2F 1-1: Ball 2-1: Foul Ball, location: 2F 2-2: Strikes out swinging
|
| Bottom of the 8th over - 1 run, 2 hits, 0 errors, 1 left on base; Indianapolis 0 - Evansville 3 |
| TOP OF THE 9TH |
|
Indianapolis Indians batting - Pitching for Evansville Triplets : LHP Randy Niemann
|
|
Batting: LHB Elias Nava
|
0-0: Ball 1-0: Ball 2-0: Called Strike 2-1: DOUBLE (Line Drive, 7LM, EV 86.9 MPH)
|
|
Batting: SHB Julio Estrada
|
0-0: Ball 1-0: Swinging Strike 1-1: Foul Ball, location: 2F 1-2: DOUBLE (Line Drive, 78D, EV 108.8 MPH) Elias Nava scores
|
|
Batting: LHB Scott Radloff
|
0-0: Called Strike 0-1: Ball 1-1: Foul Ball, location: 2F 1-2: Ball 2-2: Foul Ball, location: 2F 2-2: Ball 3-2: Ground out 4-3 (Groundball, 4, EV 88.1 MPH) Julio Estrada to third
|
|
Batting: RHB Luis Gonzalez
|
0-0: Called Strike 0-1: SINGLE (Line Drive, 5D, EV 95.6 MPH) Julio Estrada scores
|
|
Batting: RHB Pat Rooney
|
0-0: Ball 1-0: Ball 2-0: Foul Ball, location: 2F 2-1: Ball 3-1: Base on Balls Luis Gonzalez to second
|
|
Pitching: LHP Paul Mirabella
|
|
|
Pinch Hitting: RHB Jose Oppenheimer
|
0-0: Ball 1-0: Foul Ball, location: 2F 1-1: Grounds into double play, 4-6-3 (Groundball, 34, EV 91.3 MPH)
|
| Top of the 9th over - 2 runs, 3 hits, 0 errors, 1 left on base; Indianapolis 2 - Evansville 3 |
|